cohdb
Replays
Latest Replays
All Replays
Popular Replays
Top Player Replays
Match Explorer
How It Works
Community
CoH3 Stats
Reddit
Sign in to upload your games and track your stats! →
Sign in with Steam
Match 41196651
Unlisted
Match 41196651
Overview
Messages
Build Orders
End
Kettenkrad Recon Vehicle
Construct Infanterie Kompanie
MG 42 Machine Gun Team
Selects Breakthrough Battlegroup
Selects Assault Grenadiers
Grenadier Squad
Grenadier Squad
Construct Panzergrenadier Kompanie
MG 42 Machine Gun Team
Support Elements
Medical Station
Selects Rapid Production
Selects Breakthrough
Nebelwerfer 42 Rocket Launcher Team
Pak 40 Anti-tank Gun Team
MTN_Bergzwerg
Róka koma
BigTiddyLebron
Coopz
0
0
Comments
sign in to comment!
No comments posted yet!